 Dungeon Crawl Stone Soup version 0.29-a0-541-gaf1fc19f1b (webtiles) character file.

Game seed: 9420372448009918891

4543 NateTC the Cleaver (level 10, -1/94 HPs)
             Began as a Hill Orc Fighter on June 3, 2022.
             Was an Elder of Okawaru.
             Slain by a centaur
             ... wielding a +3 trident
              (3 damage)
             ... in a bailey.
             The game lasted 00:11:32 (7805 turns).

NateTC the Cleaver (Hill Orc Fighter)               Turns: 7805, Time: 00:11:33

Health: -1/94      AC: 14    Str: 24    XL:     10   Next: 40%
Magic:  16/16      EV:  8    Int:  8    God:    Okawaru [****..]
Gold:   523        SH: 10    Dex: 16    Spells: 9/9 levels left

rFire   . . .      SeeInvis .   a - +0 war axe (venom)
rCold   . . .      Faith    .   c - +0 buckler
rNeg    . . .      Spirit   .   i - +0 chain mail
rPois   .          Reflect  +   l - +1 helmet
rElec   .          Harm     .   (no cloak)
rCorr   .          Rampage  .   (no gloves)
Will    .....                   k - +0 pair of boots
Stlth   ..........              g - amulet of reflection
HPRegen 0.25/turn               h - +6 ring of dexterity
MPRegen 0.15/turn               t - ring of flight

@: flying
A: no striking features
a: Renounce Religion, Heroism, Finesse


You were in a bailey.
You worshipped Okawaru.
Okawaru was greatly pleased with you.
You visited 2 branches of the dungeon, and saw 8 of its levels.
You also visited: Bailey.

You collected 523 gold pieces.

Inventory:

Hand Weapons
 a - a +0 war axe of venom (weapon)
Armour
 c - a +0 buckler (worn)
 i - a +0 chain mail (worn)
 k - a +0 pair of boots (worn)
 l - a +1 helmet (worn)
Jewellery
 g - an amulet of reflection (around neck)
 h - a +6 ring of dexterity (left hand)
 s - a ring of protection from cold
 t - a ring of flight (right hand)
Wands
 n - a wand of paralysis (2)
 A - a wand of mindburst (19)
 B - a wand of flame (9)
Scrolls
 d - 2 scrolls of blinking
 m - a scroll of brand weapon
 r - 4 scrolls of teleportation
 y - a scroll of amnesia
Potions
 b - a potion of degeneration {unknown}
 e - a potion of brilliance
 f - a potion of cancellation
 j - a potion of mutation
 o - 2 potions of lignification
 p - a potion of curing
 q - a potion of flight
 u - a potion of attraction {unknown}
 v - a potion of magic {unknown}
 w - a potion of haste
 x - a potion of heal wounds
 z - a potion of ambrosia
 C - a potion of might


   Skills:
 - Level 10.8 Fighting
 * Level 11.2 Axes
 + Level 6.8 Armour
 - Level 3.2 Shields
 - Level 8.4 Invocations
 + Level 2.5 Evocations


You had 9 spell levels left.
You didn't know any spells.
Your spell library contained the following spells:

 Spells                   Type           Power      Damage    Failure   Level
 Sandblast                Erth           0%         2d4       98%         1
 Passwall                 Tmut/Erth      0%         N/A       99%         2
 Scorch                   Fire           0%         2d5       99%         2
 Dazzling Flash           Conj/Hex       0%         N/A       100%        3
 Stone Arrow              Conj/Erth      0%         3d7       100%        3
 Flame Wave               Conj/Fire      0%         2d4       100%        4
 Agony                    Necr           0%         N/A       100%        5
 Silence                  Hex/Air        0%         N/A       100%        5
 Summon Cactus Giant      Summ           Unusable   N/A       N/A         6

Dungeon Overview and Level Annotations

Branches:
Dungeon (7/15)             Temple (1/1) D:4          Bailey (1/1)

Altars:
Ashenzari
Cheibriados
Dithmenos
Elyvilon
Fedhas
Gozag
Hepliaklqana
Makhleb
Nemelex Xobeh
Okawaru
Qazlal
Ru
Sif Muna
Trog
Uskayaw
Vehumet
Wu Jian
Xom
Zin

Shops:
D:1 (   D:4 (   D:5 *

Annotations:
D:4 1 runed translucent door, Crazy Yiuf
D:6 3 runed translucent doors, hquester1's ghost, novice DsFi
D:7 2 runed translucent doors, valliere's ghost, novice MiFi


Message History

The orc warrior looks as sick as possible!
The orc warrior is severely wounded.
You slash the orc!
You kill the orc!
Okawaru accepts your kill.
A centaur comes into view. It is wielding a +3 trident.
The orc warrior hits you but does no damage.
You slash the orc warrior!
The orc warrior looks as sick as possible!
The orc warrior is almost dead.
The orc warrior hits you with a +0 glaive!
You closely miss the orc warrior.
The orc warrior is almost dead.
You kill the orc warrior!
Okawaru accepts your kill.
Things that are here:
a +0 trident; a +0 ring mail The centaur throws a javelin.
The javelin closely misses you.
The centaur throws a javelin.
The javelin pierces through you but does no damage.
The centaur throws a javelin.
The javelin pierces through you!
* * * LOW HITPOINT WARNING * * *
The centaur throws a javelin.
The javelin pierces through you!
* * * LOW HITPOINT WARNING * * *
The centaur hits you from afar with a +3 trident.
* * * LOW HITPOINT WARNING * * *
Items here: ( ) [ ÷.
The centaur hits you with a +3 trident!
* * * LOW HITPOINT WARNING * * *
The centaur kicks you.
* * * LOW HITPOINT WARNING * * *
You hit the centaur but do no damage.
The centaur is poisoned.
The centaur hits you but does no damage.
The centaur kicks you but does no damage.
The centaur hits you with a +3 trident.
* * * LOW HITPOINT WARNING * * *
The centaur kicks you but does no damage.
You barely miss the centaur. You block the centaur's attack.
The centaur kicks you.
You die...

####### ###########
≈≈≈≈≈≈≈## ##≈≈≈≈≈≈≈≈≈≈≈
........## ##≈≈≈≈≈≈≈≈≈≈≈≈
.........###≈≈≈≈≈≈≈≈.....
##⌠.......#≈≈≈≈≈≈≈..≈≈≈≈≈
.#####....#≈≈≈≈≈..≈≈≈....
≈))..##)..#≈≈≈≈.≈≈≈......
≈≈≈)⌠.#...#≈≈≈≈)@c.......
..≈≈).#...#≈≈≈)≈≈))......
≈≈.≈≈.#⌠))#≈≈≈.≈)........
.≈≈.≈.##..#≈≈)≈≈)...≈≈≈≈≈
≈.≈.≈≈.#).#####...≈≈≈o≈≈≈
≈.≈≈.≈.#..'......≈≈≈≈≈≈≈≈
≈....≈)#..'......≈≈≈≈≈)?:
≈.≈≈.≈.#..'......≈≈≈≈≈≈≈≈
≈.≈.≈≈.#..#####...≈≈≈≈≈≈≈


You could see an orc warrior and a centaur (very poisoned).

Vanquished Creatures
  Pikel (D:7)
  Joseph (D:7)
  A hornet (D:7)
  Prince Ribbit (D:7)
  A wyvern (D:5)
  Menkaure (D:7)
  An ice beast (D:6)
  2 orc warriors (Bailey)
  2 black bears
  2 sky beasts (D:7)
  2 ogres
  8 centaurs
  2 lemures (D:7)
  A kobold brigand (D:5)
  A phantom (D:6)
  2 necrophages
  5 bullfrogs
  2 scorpions (D:5)
  3 wights (D:6)
  3 hounds
  4 orc priests
  2 jellies (D:6)
  3 gnoll shamans
  2 iguanas
  Terence (D:2)
  5 orc wizards
  Robin (D:2)
  17 gnolls
  6 adders
  A shadow imp (D:4)
  A white imp (D:7)
  3 worms
  A dart slug (D:4)
  43 orcs
  5 ball pythons
  7 bats
  7 endoplasms
  2 giant cockroaches (D:1)
  15 goblins
  9 hobgoblins
  5 quokkas
  3 frilled lizards
  12 kobolds
  4 rats
201 creatures vanquished.

Notes
Turn   | Place    | Note
-------+----------+-------------------------------------------
     0 | D:1      | NateTC the Hill Orc Fighter began the quest for the Orb.
     0 | D:1      | Reached XP level 1. HP: 19/19 MP: 1/1
    64 | D:1      | Reached skill level 3 in Axes
   232 | D:1      | Reached XP level 2. HP: 24/26 MP: 2/2
   283 | D:1      | Reached skill level 4 in Axes
   353 | D:1      | Found Ammeifum's Weapon Shop.
   602 | D:1      | Reached XP level 3. HP: 28/31 MP: 3/3
   987 | D:2      | Noticed Terence
   993 | D:2      | Killed Terence
   994 | D:2      | Reached skill level 5 in Axes
   998 | D:2      | Reached XP level 4. HP: 27/39 MP: 4/4
  1001 | D:2      | Reached skill level 6 in Axes
  1316 | D:2      | Noticed Robin
  1325 | D:2      | Killed Robin
  1332 | D:2      | Reached XP level 5. HP: 45/45 MP: 5/5
  1446 | D:2      | Found a faded altar of an unknown god.
  1823 | D:3      | Reached skill level 7 in Axes
  1916 | D:3      | Found an ornate altar of the Wu Jian Council.
  2248 | D:3      | Found a white marble altar of Elyvilon.
  2482 | D:4      | Found a staircase to the Ecumenical Temple.
  2507 | Temple   | Entered the Ecumenical Temple
  2639 | Temple   | Became a worshipper of Warmaster Okawaru
  2786 | D:4      | Reached skill level 8 in Axes
  2786 | D:4      | Reached XP level 6. HP: 51/51 MP: 6/6
  3285 | D:4      | Noticed a black bear
  3292 | D:4      | Killed a black bear
  3293 | D:4      | Reached skill level 9 in Axes
  3294 | D:4      | Reached * piety under Okawaru
  3295 | D:4      | Reached XP level 7. HP: 57/57 MP: 7/7
  3329 | D:4      | Found Haust's Antique Weapon Boutique.
  3620 | D:4      | Found a runed translucent door.
  3621 | D:4      | Noticed Crazy Yiuf
  3914 | D:5      | Entered Level 5 of the Dungeon
  3916 | D:5      | Found a shadowy altar of Dithmenos.
  3959 | D:5      | Reached skill level 10 in Axes
  3966 | D:5      | Reached skill level 5 in Fighting
  4207 | D:5      | Found a glowing silver altar of Zin.
  4414 | D:5      | Found Rerrysy's General Store.
  4473 | D:5      | Reached XP level 8. HP: 49/71 MP: 8/8
  4783 | D:5      | Noticed a wyvern
  4793 | D:5      | Killed a wyvern
  4917 | D:5      | Found a stormy altar of Qazlal.
  4918 | D:5      | Found a radiant altar of Vehumet.
  5113 | D:6      | Reached ** piety under Okawaru
  5121 | D:6      | Reached skill level 10 in Fighting
  5220 | D:6      | Reached XP level 9. HP: 86/86 MP: 9/9
  5383 | D:6      | Found a runed translucent gate.
  5384 | D:6      | Found a runed translucent gate.
  5384 | D:6      | Noticed hquester1's ghost (novice DsFi)
  5385 | D:6      | Found a runed translucent gate.
  5398 | D:6      | Reached skill level 1 in Invocations
  5512 | D:6      | Found a blossoming altar of Fedhas.
  6214 | D:7      | Noticed Pikel
  6228 | D:7      | Killed Pikel
  6228 | D:7      | Reached *** piety under Okawaru
  6229 | D:7      | Reached skill level 5 in Armour
  6244 | D:7      | Found a sparkling altar of Nemelex Xobeh.
  6318 | D:7      | Found a hide-covered altar of Uskayaw.
  6318 | D:7      | Found a broken altar of Ashenzari.
  6336 | D:7      | Noticed Menkaure
  6339 | D:7      | Noticed Joseph
  6353 | D:7      | Killed Menkaure
  6361 | D:7      | Killed Joseph
  6418 | D:7      | Reached XP level 10. HP: 36/94 MP: 16/16
  6429 | D:7      | Noticed Prince Ribbit
  6435 | D:7      | Paralysed by a hornet for 2 turns
  6440 | D:7      | Reached **** piety under Okawaru
  6441 | D:7      | Reached skill level 1 in Evocations
  6454 | D:7      | Killed Prince Ribbit
  6712 | D:7      | Found a large runed translucent door.
  6712 | D:7      | Found a large runed translucent door.
  6712 | D:7      | Noticed valliere's ghost (novice MiFi)
  6818 | D:7      | Found a flagged portal.
  6826 | Bailey   | Entered a bailey
  7454 | Bailey   | Reached skill level 11 in Axes
  7803 | Bailey   | HP: 4/94 [centaur/+3 trident (2)]
  7805 | Bailey   | Slain by a centaur

Illustrated notes

Levels and vault maps discovered:
D:1:      nzn_arrival_settlement, layout_basic, serial_shops,
          nicolae_shop_bloodbath_and_beyond, serial_bayou_pond_e,
          minmay_small_reverse_x
D:2:      layout_loops_cross, dreamdust_ecumenical_altar_angels_and_demons,
          eino_curves_03, minmay_3d_cube, uniq_robin, uniq_terence
D:3:      layout_basic, nzn_wu_jian_contemplation, lemuel_round_altar,
          minmay_misc_feat_chi
D:4:      layout_layer_cave, minmay_temple_entry_arrows, serial_shops,
          nicolae_lakefront_shop, uniq_crazy_yiuf_cottage
D:5:      layout_basic, nicolae_dithmenos_shadow_blocks,
          mainiacjoe_overflow_catwalk_spiral,
          mainiacjoe_overflow_small_starburst, serial_shops, shop
D:6:      layout_basic, amcnicky_altar_gilded, gammafunk_ghost_nasty_kobolds
D:7:      layout_cave_pools, nemelex_diamond_rough_becter,
          mainiacjoe_overflow_divided_tiny, ebering_ghost_disaster_area,
          enter_bailey_3, minmay_misc_feat_rows, uniq_menkaure,
          uniq_prince_ribbit1, uniq_pikel, uniq_joseph
Temple:   nicolae_temple_figure_zero
Bailey:   bailey_polearm_flooded_kennysheep, bailey

Skill      XL: |  1  2  3  4  5  6  7  8  9 10 |
---------------+-------------------------------+-----
Axes           | 3 4 5 6 8 9 10 11 | 11.2
Fighting       | 6 10 | 10.8
Invocations    | 8 |  8.4
Armour         | 6 |  6.8
Evocations     | 2 |  2.5
Shields        | |  3.2

Action                   |  1- 3 |  4- 6 |  7- 9 | 10-12 || total
-------------------------+-------+-------+-------+-------++-------
Melee: War axe           |    56 |   131 |   200 |   112 ||   499
Invok: Heroism           |       |       |     1 |       ||     1
  Use: Scroll            |     6 |     6 |     6 |       ||    18
       Potion            |       |       |     2 |     3 ||     5
Armor: Scale mail        |    15 |    36 |    44 |       ||    95
       Chain mail        |       |       |    32 |   110 ||   142
Dodge: Dodged            |    16 |    41 |    71 |    93 ||   221
Block: Buckler           |    22 |    55 |   104 |   116 ||   297
       Reflection        |       |     3 |     3 |       ||     6

Table legend: (Time is in decaauts)
 A = Elapsed time spent in this place.
 B = Non-inter-level travel time spent in this place.
 C = Inter-level travel time spent in this place.
 D = Time resting spent in this place.
 E = Time spent auto-exploring this place.
 F = Levels seen in this place.
 G = Mean time per level.
                   A        B        C        D        E       F      G
               +--------+--------+--------+--------+--------+-----+--------+
         Total |   7857 |   7704 |    153 |   1110 |   4799 |   9 |  873.0 |
       Dungeon |   6737 |   6610 |    127 |    789 |   4572 |   7 |  962.4 |
        Temple |    142 |    116 |     26 |      0 |    113 |   1 |  142.0 |
        Bailey |    977 |    977 |      0 |    321 |    114 |   1 |  977.0 |
               +--------+--------+--------+--------+--------+-----+--------+

Top non-repeatable levels by time:
     D:4: 1310 daAuts
     D:6: 1181 daAuts
     D:5: 1094 daAuts
     D:1: 992 daAuts
  Bailey: 977 daAuts
     D:2: 832 daAuts
     D:3: 677 daAuts
     D:7: 648 daAuts
  Temple: 142 daAuts
